[Event "Titled Tuesday Blitz April 18 Late 2023"]
[White "Manu_ChessExcelsior"]
[Black "merinasian"]
[WhiteElo "1990"]
[BlackElo "2343"]
[Result "0-1"]
[Round "07"]
[TimeControl "180+2"]
[Date "2023.04.18"]
[WhiteClock "0:00:01"]
[BlackClock "0:01:31"]

1. e4 d6 2. d4 Nd7 3. Nc3 g6 4. Be3 Bg7 5. Qd2 e6 6. f4 a6 7. Nf3 b5 8. O-O-O Bb7 9. Bd3 b4 10. Ne2 Ngf6 11. Ng3 c5 12. f5 Qc7 13. e5 dxe5 14. dxe5 Nd5 15. fxe6 Nxe5 16. exf7+ Nxf7 17. Rhe1 O-O-O 18. Bc4 Nc3 19. Be6+ Kb8 20. Bf4 Ne5 21. Nxe5 Rxd2 22. Nc6+ Bxc6 23. Bxc7+ Kxc7 24. bxc3 Rxd1+ 25. Rxd1 Bxc3 26. Bc4 a5 27. Ne2 Be5 28. g3 Rd8 29. Rxd8 Kxd8 30. Kd2 a4 31. Ke3 Ke7 32. Nf4 Bxf4+ 33. Kxf4 Kd6 34. h4 Bd5 35. Bb5 c4 36. Bxa4 Kc5 37. g4 Kd4 38. Kg5 c3 39. Kh6 Bxa2 40. Kxh7 b3 41. Kxg6 b2 42. h5 b1=Q 43. h6 Qb6+ 44. Kg5 Qc5+ 45. Kf6 Qf8+ 46. Kg6 Qf7+ 47. Kg5 Be6 0-1


[Site "https://www.chess.com"]

[Event "Titled Tuesday Blitz April 18 Late 2023"]
[White "tandercat"]
[Black "Rodriguez Santiago, Jaime"]
[BlackFideId "3100898"]
[WhiteElo "1974"]
[BlackElo "2025"]
[Result "0-1"]
[Round "07"]
[TimeControl "180+2"]
[Date "2023.04.18"]
[WhiteClock "0:00:01"]
[BlackClock "0:00:24"]

1. d4 Nf6 2. c4 e6 3. Nc3 d5 4. cxd5 exd5 5. Bg5 Be7 6. e3 c6 7. Qc2 O-O 8. Bd3 h6 9. Bh4 Re8 10. Nge2 Nbd7 11. f3 Nb6 12. O-O Nfd7 13. Bxe7 Qxe7 14. e4 Nf6 15. e5 Nfd7 16. f4 c5 17. a4 cxd4 18. Nxd4 Qc5 19. Nb5 Nc4 20. Bxc4 dxc4 21. Rad1 Nf8 22. Kh1 Bg4 23. Rd2 Ne6 24. Nxe6 Rxe6 25. h3 Bh5 26. Rd4 a6 27. Rxc4 Qe7 28. Nc7 Rf8 29. Nxe6 fxe6 30. Rc7 Qh4 31. Qb3 Bg4 32. Qxb7 Bf5 33. Rxg7+ Kh8 34. Qe7 Qxe7 35. Rxe7 h5 36. Rd1 h4 37. Rdd7 Rg8 38. Rf7 a5 39. Ra7 Be4 40. Kg1 Rxg2+ 41. Kf1 Rg8 0-1


[Site "https://www.chess.com"]

[Event "Titled Tuesday Blitz April 18 Late 2023"]
[White "Bogaudinov, Rushan"]
[Black "Vargas, Mauricio"]
[WhiteFideId "4129288"]
[BlackFideId "4404572"]
[WhiteElo "1967"]
[BlackElo "1998"]
[Result "1-0"]
[Round "07"]
[TimeControl "180+2"]
[Date "2023.04.18"]
[WhiteClock "0:01:40"]
[BlackClock "0:00:01"]

1. e4 d5 2. exd5 Qxd5 3. Nc3 Qa5 4. d4 c6 5. Nf3 Nf6 6. h3 Bf5 7. Bd2 Qc7 8. g4 Bg6 9. Bg2 e6 10. O-O Bd6 11. Re1 O-O 12. Ne5 Bxe5 13. dxe5 Nd5 14. f4 Qb6+ 15. Kh2 Na6 16. a3 Rad8 17. Nxd5 cxd5 18. b4 Rc8 19. c3 Qf2 20. Qe2 Qh4 21. Rac1 Rc4 22. Be3 b6 23. Bd4 Nc7 24. a4 Rc8 25. Qe3 f5 26. exf6 gxf6 27. Qg3 Qxg3+ 28. Kxg3 1-0


[Site "https://www.chess.com"]

[Event "Titled Tuesday Blitz April 18 Late 2023"]
[White "Seletsky, Grigory"]
[Black "ChessSG1"]
[WhiteFideId "14112191"]
[WhiteElo "2490"]
[BlackElo "2211"]
[Result "1-0"]
[Round "07"]
[TimeControl "180+2"]
[Date "2023.04.18"]
[WhiteClock "0:00:19"]
[BlackClock "0:00:02"]

1. e4 c5 2. Nf3 g6 3. c4 Bg7 4. Nc3 Nc6 5. d3 e6 6. g3 Nge7 7. Bg2 d6 8. O-O O-O 9. Nh4 a6 10. f4 Rb8 11. a4 Nd4 12. g4 Nec6 13. Nf3 Nxf3+ 14. Bxf3 Nd4 15. Bg2 f5 16. exf5 gxf5 17. g5 b5 18. axb5 axb5 19. Ra2 bxc4 20. dxc4 Qc7 21. h4 Bd7 22. h5 Bc6 23. h6 Bh8 24. Bxc6 Nxc6 25. Nb5 Qe7 26. Qxd6 Qxd6 27. Nxd6 Nd4 28. Be3 Rfd8 29. Nb5 Nxb5 30. cxb5 Rxb5 31. Rc1 Bxb2 32. Rxc5 Rb7 33. Rc6 Kf7 34. Ra7 Rxa7 35. Bxa7 Ra8 36. Be3 Ra4 37. Kf2 Re4 38. Rc7+ Kg6 39. Kf3 e5 40. Rg7+ Kh5 41. Rxh7 exf4 42. Bxf4 Bc3 43. Rd7 Ra4 44. Rd1 Ra8 45. Rh1+ Kg6 46. h7 Rh8 47. Rh6+ Kg7 48. Rc6 Bb2 49. g6 1-0


[Site "https://www.chess.com"]

[Event "Titled Tuesday Blitz April 18 Late 2023"]
[White "Dahlgren, James Allen"]
[Black "Alexikov, Alexander"]
[WhiteFideId "22256873"]
[BlackFideId "14103958"]
[WhiteElo "2182"]
[BlackElo "2186"]
[Result "0-1"]
[Round "07"]
[TimeControl "180+2"]
[Date "2023.04.18"]
[WhiteClock "0:00:05"]
[BlackClock "0:00:37"]

1. e4 c5 2. Nc3 Nc6 3. Nf3 g6 4. d4 cxd4 5. Nxd4 Bg7 6. Be3 Nf6 7. Be2 d6 8. O-O O-O 9. h3 Bd7 10. f4 Rc8 11. Bf3 Na5 12. Qd3 Nc4 13. Nd1 e5 14. Nb3 Bb5 15. fxe5 dxe5 16. Qxd8 Rfxd8 17. Rf2 Rxd1+ 18. Rxd1 Nxe3 19. Rc1 Nc4 20. Be2 a6 21. Bxc4 Bxc4 22. Re1 b6 23. Rd2 Bf8 24. g4 h6 25. Kg2 a5 26. Kf3 Be7 27. Red1 Be6 28. c3 h5 29. gxh5 Nxh5 30. Rh1 a4 31. Nc1 a3 32. bxa3 Rxc3+ 33. Rd3 Rc2 34. Ne2 Bc5 35. Rc1 Rxa2 0-1


[Site "https://www.chess.com"]

[Event "Titled Tuesday Blitz April 18 Late 2023"]
[White "Atanasov, Radislav"]
[Black "KorolDimitriy75"]
[WhiteFideId "2901471"]
[WhiteElo "2077"]
[BlackElo "2365"]
[Result "1-0"]
[Round "07"]
[TimeControl "180+2"]
[Date "2023.04.18"]
[WhiteClock "0:00:39"]
[BlackClock "0:00:04"]

1. e4 c5 2. c3 d5 3. exd5 Qxd5 4. d4 cxd4 5. cxd4 Nc6 6. Nf3 e5 7. Nc3 Bb4 8. Bd2 Bxc3 9. Bxc3 e4 10. Ne5 Nxe5 11. dxe5 Ne7 12. Qe2 O-O 13. Qb5 Be6 14. Be2 Qxb5 15. Bxb5 Nd5 16. Bd2 Rfc8 17. Ba4 Nb6 18. Bd1 Nc4 19. Bc3 Rc5 20. O-O Nxe5 21. Re1 Bf5 22. f3 Nd3 23. Re3 exf3 24. Bxf3 1-0


[Site "https://www.chess.com"]

[Event "Titled Tuesday Blitz April 18 Late 2023"]
[White "Ng, Gary"]
[Black "Vanek, Tomas"]
[WhiteFideId "2604914"]
[BlackFideId "313459"]
[WhiteElo "2297"]
[BlackElo "2052"]
[Result "1-0"]
[Round "07"]
[TimeControl "180+2"]
[Date "2023.04.18"]
[WhiteClock "0:01:34"]
[BlackClock "0:00:46"]

1. d4 f5 2. g3 Nf6 3. Bg2 g6 4. Nh3 Bg7 5. O-O O-O 6. c4 d6 7. Nc3 c6 8. e4 fxe4 9. Nxe4 Nxe4 10. Bxe4 Bxh3 11. Re1 e5 12. Qb3 Qf6 13. f3 Qf7 14. dxe5 dxe5 15. Be3 Be6 16. Rac1 Nd7 17. Qxb7 Rfc8 18. Bxc6 Rab8 19. Qa6 Rxb2 20. Qxc8+ Bf8 21. Bh6 Rb8 22. Qc7 Bxh6 23. Bxd7 Rb2 24. Qc8+ Kg7 25. Bxe6 Qxf3 26. Qg8+ Kf6 27. Qf7+ Kg5 28. Qxf3 Rxa2 29. h4# 1-0


[Site "https://www.chess.com"]

[Event "Titled Tuesday Blitz April 18 Late 2023"]
[White "Bueno, Alfeu Junior Varela"]
[Black "Brod, Manfred"]
[WhiteFideId "2108879"]
[BlackFideId "1602110"]
[WhiteElo "2175"]
[BlackElo "2089"]
[Result "1-0"]
[Round "07"]
[TimeControl "180+2"]
[Date "2023.04.18"]
[WhiteClock "0:00:05"]
[BlackClock "0:00:02"]

1. e4 e6 2. d4 d5 3. Nd2 Be7 4. Ngf3 c5 5. exd5 exd5 6. dxc5 Nf6 7. Nb3 O-O 8. Be3 Nc6 9. c3 Bg4 10. Be2 a5 11. a4 h6 12. O-O Re8 13. Re1 Ne4 14. Nfd4 Bxe2 15. Rxe2 Ne5 16. Nf5 Bf8 17. f3 Nf6 18. Bd4 Nfd7 19. f4 Nc4 20. Rxe8 Qxe8 21. Qg4 Kh7 22. Bxg7 Bxc5+ 23. Bd4 Bxd4+ 24. Nbxd4 Qg8 25. Nxh6 Qxg4 26. Nxg4 f5 27. Nxf5 Rg8 28. h3 Nxb2 29. Rb1 Nd3 30. Rxb7 Nc5 31. Nf6+ Kg6 32. Nxg8 Nxb7 33. Nge7+ Kf7 34. Nxd5 Nbc5 35. Nb6 Nxb6 36. g4 Nbxa4 37. Nd4 Nxc3 38. f5 a4 39. Nc2 Nd3 40. Kg2 1-0


[Site "https://www.chess.com"]

[Event "Titled Tuesday Blitz April 18 Late 2023"]
[White "karpovian123"]
[Black "Romero Ruscalleda, Josep"]
[BlackFideId "2231859"]
[WhiteElo "2443"]
[BlackElo "2183"]
[Result "1-0"]
[Round "07"]
[TimeControl "180+2"]
[Date "2023.04.18"]
[WhiteClock "0:01:24"]
[BlackClock "0:00:43"]

1. d4 g6 2. e4 Bg7 3. Nf3 d6 4. Bc4 Nf6 5. Qe2 O-O 6. e5 dxe5 7. dxe5 Nd5 8. O-O c6 9. Rd1 Be6 10. Ng5 Qc8 11. Nxe6 Qxe6 12. f4 Nd7 13. Qf3 N7b6 14. Bb3 Rfd8 15. Nc3 a5 16. Be3 a4 17. Bxb6 axb3 18. Bxd8 bxc2 19. Rdc1 Rxd8 20. Nxd5 Rxd5 21. Rxc2 f6 22. exf6 Bxf6 23. Re2 Qd6 24. Rae1 Kf7 25. Qe4 Rd4 26. Qe6+ Qxe6 27. Rxe6 Rxf4 28. R6e4 Rf5 29. b3 Ra5 30. a4 b5 31. Rc1 Ra6 32. axb5 cxb5 33. Rb4 Ra5 34. Rc5 Ke6 35. Rcxb5 Bd4+ 36. Kf1 Ra1+ 37. Ke2 Ra2+ 38. Kf3 Be5 39. Re4 1-0


[Site "https://www.chess.com"]

[Event "Titled Tuesday Blitz April 18 Late 2023"]
[White "Sariego Figueredo, Wilfredo"]
[Black "Fernandez Garcia, Gumersindo"]
[WhiteFideId "3500080"]
[BlackFideId "24516740"]
[WhiteElo "2309"]
[BlackElo "2093"]
[Result "1-0"]
[Round "07"]
[TimeControl "180+2"]
[Date "2023.04.18"]
[WhiteClock "0:00:35"]
[BlackClock "0:00:43"]

1. d4 Nf6 2. Bf4 d6 3. Nf3 g6 4. e3 Bg7 5. h3 O-O 6. c3 Nfd7 7. Nbd2 Nc6 8. Bb5 Re8 9. e4 e5 10. Bxc6 exf4 11. Ba4 f5 12. Qc2 fxe4 13. Bb3+ Kh8 14. Nxe4 Nf6 15. Ng5 Qe7 16. Nf7+ Kg8 17. Nxd6+ Kf8 18. Nxe8 Qxe8 19. f3 Bf5 20. O-O Nxe4 21. fxe4 Bxe4 22. Rxf4+ Bf5 23. g4 Qe3+ 24. Rf2 Qg3+ 25. Rg2 Qe3+ 26. Qf2 Bh6 27. gxf5 Qxh3 28. fxg6+ Ke7 29. Qf7+ Kd8 30. Qd5+ Kc8 31. Qe6+ Qxe6 32. Bxe6+ Kd8 1-0


[Site "https://www.chess.com"]

[Event "Titled Tuesday Blitz April 18 Late 2023"]
[White "Buchenau, Frank"]
[Black "Stanisz, Patryk"]
[WhiteFideId "4604350"]
[BlackFideId "1123106"]
[WhiteElo "2157"]
[BlackElo "2069"]
[Result "1-0"]
[Round "07"]
[TimeControl "180+2"]
[Date "2023.04.18"]
[WhiteClock "0:00:16"]
[BlackClock "0:00:01"]

1. e4 c5 2. Nf3 Nc6 3. Bb5 g6 4. Bxc6 dxc6 5. d3 Bg7 6. O-O Nf6 7. a4 a5 8. Na3 Nd7 9. Nc4 O-O 10. e5 b5 11. e6 fxe6 12. Na3 Ne5 13. Nxe5 Bxe5 14. Qe2 Qd6 15. axb5 cxb5 16. Nxb5 Bxh2+ 17. Kh1 Qb8 18. Nc3 Bd6 19. Ne4 Qb4 20. Bd2 Qd4 21. Bc3 Qd5 22. Rxa5 Rxa5 23. Bxa5 Bb8 24. c4 Qe5 25. g3 Bb7 26. Bc3 Qf5 27. Kg2 h5 28. f3 h4 29. Rh1 h3+ 30. Rxh3 Kf7 31. g4 Qf4 32. Bd2 Qe5 33. Bc3 Qf4 34. Qd2 1-0


[Site "https://www.chess.com"]

[Event "Titled Tuesday Blitz April 18 Late 2023"]
[White "Kraus, Tomas"]
[Black "Prohorov, Olexandr"]
[WhiteFideId "331708"]
[BlackFideId "14105578"]
[WhiteElo "2389"]
[BlackElo "1966"]
[Result "0-1"]
[Round "07"]
[TimeControl "180+2"]
[Date "2023.04.18"]
[WhiteClock "0:00:47"]
[BlackClock "0:00:22"]

1. d4 g6 2. c4 Bg7 3. Nc3 c5 4. d5 Bxc3+ 5. bxc3 f5 6. h4 Nf6 7. h5 Rg8 8. hxg6 hxg6 9. Nf3 d6 10. Ng5 Qa5 11. Qd3 Nbd7 12. Bf4 Nb6 13. e3 Bd7 14. f3 O-O-O 15. Be2 Na4 16. Kd2 b5 17. Rhb1 bxc4 18. Qxc4 Nxd5 19. Qxd5 Qxc3+ 20. Kd1 Nb2+ 21. Rxb2 Ba4+ 22. Rb3 Qxa1+ 23. Kd2 Qxa2+ 24. Ke1 Qxb3 25. Ba6+ Kb8 0-1


[Site "https://www.chess.com"]

[Event "Titled Tuesday Blitz April 18 Late 2023"]
[White "Ardila, Oscar Humberto"]
[Black "Tarnowska, Aleksandra"]
[WhiteFideId "4404742"]
[BlackFideId "1180967"]
[WhiteElo "1918"]
[BlackElo "1776"]
[Result "1-0"]
[Round "07"]
[TimeControl "180+2"]
[Date "2023.04.18"]
[WhiteClock "0:00:10"]
[BlackClock "0:00:02"]

1. d4 d5 2. c4 e6 3. Nc3 Nf6 4. Bg5 Be7 5. Nf3 h6 6. Bh4 b6 7. e3 Bb7 8. Bd3 c5 9. O-O Nbd7 10. Rc1 Rc8 11. Qe2 O-O 12. Rfd1 Ne4 13. Bxe7 Qxe7 14. Bxe4 dxe4 15. Nd2 f5 16. d5 exd5 17. Nxd5 Bxd5 18. cxd5 Ne5 19. Nc4 Nd3 20. Rxd3 exd3 21. Qxd3 Rcd8 22. Rd1 Qe4 23. f3 Qxd3 24. Rxd3 b5 25. Ne5 Rd6 26. Kf2 Rfd8 27. Nc6 Re8 28. Nxa7 Kf7 29. Nxb5 Rd7 30. a4 Ra8 31. Nc3 Rad8 32. e4 fxe4 33. fxe4 g5 34. Ke3 Kf6 35. Rd2 Ke5 36. Rf2 Kd6 37. Rf6+ Kc7 38. Rc6+ Kb7 39. Nb5 Re7 40. Rxc5 Rde8 41. Rc4 Kb6 42. b4 g4 43. Rc6+ Kb7 44. Nd6+ Kb8 45. Nxe8 Rxe8 46. Re6 Rd8 47. Re7 Rc8 48. b5 Rc3+ 49. Kd4 Rc2 50. a5 Rxg2 51. b6 Rxh2 52. a6 Rd2+ 53. Ke5 Rc2 54. Re8+ Rc8 55. a7+ Kb7 56. Rxc8 g3 57. Rg8 Kxb6 58. Rxg3 1-0


[Site "https://www.chess.com"]

[Event "Titled Tuesday Blitz April 18 Late 2023"]
[White "Kujawski, Adam"]
[Black "Oliveira, Tiago Batista"]
[WhiteFideId "1100920"]
[BlackFideId "2108291"]
[WhiteElo "2054"]
[BlackElo "1962"]
[Result "1-0"]
[Round "07"]
[TimeControl "180+2"]
[Date "2023.04.18"]
[WhiteClock "0:00:12"]
[BlackClock "0:00:07"]

1. e4 c5 2. Nf3 Nc6 3. Nc3 Nf6 4. d4 cxd4 5. Nxd4 d6 6. Bg5 e6 7. Qd2 Be7 8. O-O-O Nxd4 9. Qxd4 O-O 10. f4 Qa5 11. e5 dxe5 12. Qxe5 Qb6 13. Be2 h6 14. Bh4 Nd7 15. Qh5 Bf6 16. Be1 Nc5 17. g4 Bd7 18. g5 hxg5 19. fxg5 Be5 20. Bf2 Bxc3 21. bxc3 Qa5 22. Bxc5 Qxc5 23. Rxd7 Qe3+ 24. Kb2 Rac8 25. Rd3 Qb6+ 26. Ka1 Rc5 27. Rh3 1-0


[Site "https://www.chess.com"]

[Event "Titled Tuesday Blitz April 18 Late 2023"]
[White "Dias, Joao Batista"]
[Black "Rose, Felix"]
[WhiteFideId "2108240"]
[BlackFideId "5105722"]
[WhiteElo "1907"]
[BlackElo "2039"]
[Result "0-1"]
[Round "07"]
[TimeControl "180+2"]
[Date "2023.04.18"]
[WhiteClock "0:01:01"]
[BlackClock "0:00:52"]

1. e4 c5 2. Nf3 g6 3. d4 cxd4 4. Nxd4 Nc6 5. Nxc6 bxc6 6. Qd4 Nf6 7. e5 Nd5 8. e6 f6 9. exd7+ Bxd7 10. Bc4 e5 11. Qd1 Be6 12. O-O Bg7 13. Bb3 O-O 14. Nc3 Kh8 15. Ne4 a5 16. a3 Qc8 17. Nc5 Bg8 18. Re1 Rd8 19. Qe2 Qc7 20. Be3 Nxe3 21. Qxe3 Bd5 22. Bxd5 Rxd5 23. Ne6 Qd6 24. Nxg7 Kxg7 25. f4 exf4 26. Qe7+ Kh6 27. Qb7 Rd8 28. h3 Rd2 29. Re7 Qd5 30. Rxh7+ Kg5 31. h4+ Kg4 0-1


[Site "https://www.chess.com"]

[Event "Titled Tuesday Blitz April 18 Late 2023"]
[White "Georg, Heinz"]
[Black "Joubert, Dantelle"]
[WhiteFideId "4607295"]
[BlackFideId "14310813"]
[WhiteElo "2256"]
[BlackElo "1507"]
[Result "1-0"]
[Round "07"]
[TimeControl "180+2"]
[Date "2023.04.18"]
[WhiteClock "0:02:08"]
[BlackClock "0:02:08"]

1. c4 Nf6 2. Nc3 e6 3. d4 Bb4 4. a3 Bxc3+ 5. bxc3 O-O 6. f3 b6 7. e4 Ba6 8. e5 Ne8 9. f4 Nc6 10. Nf3 Na5 11. Bd3 d6 12. Bxh7+ Kxh7 13. Ng5+ Kg6 14. Qg4 f5 15. Qh4 1-0


[Site "https://www.chess.com"]

[Event "Titled Tuesday Blitz April 18 Late 2023"]
[White "De Souza, Cristiano Gomes"]
[Black "Sanchez, Robert"]
[WhiteFideId "2151758"]
[BlackFideId "2034360"]
[WhiteElo "2068"]
[BlackElo "1967"]
[Result "1-0"]
[Round "07"]
[TimeControl "180+2"]
[Date "2023.04.18"]
[WhiteClock "0:01:01"]
[BlackClock "0:00:54"]

1. d4 Nf6 2. c4 e6 3. Nf3 Bb4+ 4. Bd2 Qe7 5. Nc3 Nc6 6. a3 Bxc3 7. Bxc3 Ne4 8. Rc1 O-O 9. e3 Nxc3 10. Rxc3 d6 11. b4 e5 12. d5 Nb8 13. Qc2 f5 14. c5 Na6 15. Be2 b6 16. cxd6 cxd6 17. O-O Bb7 18. Rc1 Rac8 19. Qa4 Rxc3 20. Rxc3 Nc7 21. Qxa7 Nxd5 22. Bc4 Qf7 23. Rc1 Ra8 24. Bxd5 Rxa7 25. Bxf7+ Kxf7 26. Rc7+ Kf6 27. h4 h6 28. Nd2 d5 29. f3 g5 30. hxg5+ hxg5 31. Kf2 Ke6 32. a4 Kd6 33. Rh7 Kc6 34. Rh6+ Kc7 35. Re6 Rxa4 36. Rxe5 Rxb4 37. Rxf5 Rb2 38. Ke1 Ra2 39. Rxg5 b5 40. Nb3 b4 41. Kd1 Rb2 42. Nd4 Ba6 43. Kc1 Rf2 44. Rxd5 Rxg2 45. f4 b3 46. Nxb3 Kc6 47. Re5 Bd3 48. Nd4+ Kd6 49. Ra5 1-0


[Site "https://www.chess.com"]

[Event "Titled Tuesday Blitz April 18 Late 2023"]
[White "Simonovic, Miroslav"]
[Black "Burke, Paul"]
[WhiteFideId "919152"]
[BlackFideId "2605767"]
[WhiteElo "2042"]
[BlackElo "1917"]
[Result "1-0"]
[Round "07"]
[TimeControl "180+2"]
[Date "2023.04.18"]
[WhiteClock "0:00:49"]
[BlackClock "0:00:01"]

1. d4 a6 2. Bg5 d6 3. e3 g6 4. h4 h6 5. Bf4 Nd7 6. Bd3 Bg7 7. c3 e5 8. Bg3 Ne7 9. f4 Nf6 10. fxe5 Nh5 11. Bh2 Nf5 12. Nf3 Nxe3 13. Qe2 Ng4 14. exd6+ Kf8 15. dxc7 Qe7 16. Qxe7+ Kxe7 17. O-O Nxh2 18. Kxh2 Re8 19. Nbd2 Be6 20. Bc4 Kd7 21. d5 Bg4 22. Nd4 f5 23. Ne6 Be5+ 24. Kg1 Ng3 25. Nf3 Bxc7 26. Nxc7 Kxc7 27. Rfe1 1-0


[Site "https://www.chess.com"]

[Event "Titled Tuesday Blitz April 18 Late 2023"]
[White "Manon-og, Ramon Jr."]
[Black "BebeBonito2022"]
[WhiteFideId "5200776"]
[WhiteElo "2362"]
[BlackElo "2174"]
[Result "0-1"]
[Round "07"]
[TimeControl "180+2"]
[Date "2023.04.18"]
[WhiteClock "0:00:01"]
[BlackClock "0:01:16"]

1. e4 e5 2. Nf3 Nc6 3. Bb5 a6 4. Ba4 Nf6 5. O-O b5 6. Bb3 Bc5 7. Nc3 d6 8. d3 Na5 9. Bg5 c6 10. Qd2 O-O 11. Rad1 Nxb3 12. axb3 h6 13. Bh4 g5 14. Bg3 Bg4 15. Qe2 Nh5 16. Rfe1 Qf6 17. Nb1 Bxf3 18. Qxf3 Qxf3 19. gxf3 f6 20. Kg2 Ng7 21. h4 Ne6 22. h5 a5 23. Nd2 a4 24. Ra1 a3 25. bxa3 Bxa3 26. Nb1 Bc5 27. Nd2 Nd4 28. b4 Bxb4 29. Rxa8 Rxa8 30. Rd1 Bxd2 31. Rxd2 Ra2 32. Kf1 Rxc2 33. Rxc2 Nxc2 34. Ke2 Nd4+ 35. Ke3 b4 36. Kd2 Nxf3+ 37. Kc1 Kf7 38. Kb2 Nd4 39. f4 gxf4 0-1


[Site "https://www.chess.com"]

[Event "Titled Tuesday Blitz April 18 Late 2023"]
[White "Vachier-Lagrave, Maxime"]
[Black "Caruana, Fabiano"]
[WhiteFideId "623539"]
[BlackFideId "2020009"]
[WhiteElo "2740"]
[BlackElo "2837"]
[Result "1-0"]
[Round "08"]
[TimeControl "180+2"]
[Date "2023.04.18"]
[WhiteClock "0:00:30"]
[BlackClock "0:00:01"]

1. e4 e5 2. Nf3 Nc6 3. Bb5 a6 4. Ba4 Nf6 5. O-O b5 6. Bb3 Bc5 7. a4 Rb8 8. Nxe5 Nxe5 9. d4 Bxd4 10. Qxd4 d6 11. f4 Nc6 12. Qc3 Ne7 13. Qe1 O-O 14. axb5 axb5 15. e5 Nfd5 16. Nc3 Nxc3 17. Qxc3 Nf5 18. g4 Nh4 19. f5 dxe5 20. Qg3 e4 21. Bf4 Nf3+ 22. Kg2 Qd4 23. Rad1 Qxb2 24. Bxc7 Rb7 25. Bd6 Re8 26. Bb4 h5 27. h3 Bd7 28. Qd6 Qe5 29. Qxe5 Rxe5 30. Kg3 Re8 31. Kf4 Bc6 32. Rd6 Rc7 33. g5 Kh8 34. Rfd1 Bb7 35. Rd8 Rc8 36. Rxe8+ Rxe8 37. Bxf7 Rc8 38. Bxh5 Nh4 39. Rd7 Bc6 40. Ra7 Ng2+ 41. Kg3 Ne3 42. Bg6 Bd5 43. c3 Nc4 44. Re7 e3 45. f6 gxf6 46. gxf6 Bg8 47. f7 Bxf7 48. Bxf7 Rf8 49. Bxc4 1-0


[Site "https://www.chess.com"]

[Event "Titled Tuesday Blitz April 18 Late 2023"]
[White "Carlsen, Magnus"]
[Black "Yoo, Christopher Woojin"]
[WhiteFideId "1503014"]
[BlackFideId "30909694"]
[WhiteElo "2852"]
[BlackElo "2519"]
[Result "1/2-1/2"]
[Round "08"]
[TimeControl "180+2"]
[Date "2023.04.18"]
[WhiteClock "0:00:05"]
[BlackClock "0:00:07"]

1. e4 c5 2. a3 d5 3. exd5 Qxd5 4. Nc3 Qd8 5. Qh5 e6 6. Bc4 Nf6 7. Qh4 Be7 8. d3 O-O 9. Nf3 b6 10. Ne4 Bb7 11. Bg5 Nbd7 12. Bb5 h6 13. Bxd7 Bxe4 14. dxe4 Qxd7 15. e5 hxg5 16. Nxg5 Rfd8 17. O-O Qd4 18. Qxd4 cxd4 19. exf6 gxf6 20. Nf3 Rac8 21. Rac1 f5 22. Rfd1 Bf6 23. Ne1 e5 24. Rd2 Bg5 25. Rcd1 Bxd2 26. Rxd2 e4 27. g3 f4 28. f3 fxg3 29. fxe4 gxh2+ 30. Rxh2 Re8 31. Re2 Rc4 32. Kf2 Re6 33. e5 Rh6 34. Nf3 Rcc6 35. Kg3 Rcg6+ 36. Kf4 Rh3 37. Rd2 Rhg3 38. Nxd4 R6g4+ 39. Kf5 Kg7 40. e6 Rg5+ 41. Ke4 R3g4+ 42. Kd3 Rg3+ 43. Ke4 R3g4+ 44. Kd3 Rd5 45. Kc3 Rc5+ 46. Kb3 Re5 47. exf7 Kxf7 48. Nc6 Re3+ 49. Ka2 a5 50. Rd7+ Ke8 51. Rd8+ Kf7 52. Rb8 Rc4 53. Rxb6 Rxc2 54. Nxa5 Ree2 55. a4 Ke7 56. Ka3 Kd7 57. b3 Kc7 58. Rb7+ Kd6 59. Rb5 Re4 60. Rb6+ Kd5 61. Nb7 Ree2 62. Rb5+ Kc6 63. Na5+ Kc7 64. Nc4 Re4 65. Rc5+ Kb8 66. Kb4 Re7 67. a5 Rb7+ 68. Nb6 Rxc5 69. Kxc5 Rh7 70. b4 Ka7 71. b5 Rh5+ 72. Kc6 Rh6+ 73. Kc7 Rh5 74. Nc8+ Ka8 75. Nd6 Rh7+ 76. Kc6 Rh1 77. b6 Rc1+ 78. Kb5 Kb8 79. a6 Rb1+ 80. Kc5 Ra1 81. Kb5 Rb1+ 82. Kc6 Ra1 83. a7+ Rxa7 84. bxa7+ Kxa7 1/2-1/2


[Site "https://www.chess.com"]

[Event "Titled Tuesday Blitz April 18 Late 2023"]
[White "Nakamura, Hikaru"]
[Black "Xiong, Jeffery"]
[WhiteFideId "2016192"]
[BlackFideId "2047640"]
[WhiteElo "2885"]
[BlackElo "2726"]
[Result "1-0"]
[Round "08"]
[TimeControl "180+2"]
[Date "2023.04.18"]
[WhiteClock "0:00:59"]
[BlackClock "0:02:18"]

1. Nf3 d5 2. e3 Nf6 3. c4 e6 4. b3 dxc4 5. bxc4 c5 6. g3 b6 7. d3 Bb7 8. Bg2 Be7 9. O-O O-O 10. Nc3 Nc6 11. Qe2 Qc7 12. Rd1 Rad8 13. Bb2 Qb8 14. Ne1 Qa8 15. f4 Ne8 16. g4 Nd6 17. Rd2 a6 18. a4 Nb4 19. Rad1 Rd7 20. Bxb7 Qxb7 21. g5 b5 22. Nf3 Nc6 23. axb5 axb5 24. cxb5 Nxb5 25. Ne4 Rfd8 26. Nf6+ gxf6 27. gxf6 Bf8 28. Ng5 h6 29. Qg4 hxg5 30. Qxg5+ Kh7 31. Qh5+ Bh6 32. Rg2 1-0


[Site "https://www.chess.com"]

[Event "Titled Tuesday Blitz April 18 Late 2023"]
[White "Djordjevic, Vuk"]
[Black "Bluebaum, Matthias"]
[WhiteFideId "902098"]
[BlackFideId "24651516"]
[WhiteElo "2452"]
[BlackElo "2638"]
[Result "1-0"]
[Round "08"]
[TimeControl "180+2"]
[Date "2023.04.18"]
[WhiteClock "0:00:05"]
[BlackClock "0:00:09"]

1. d4 d5 2. Nf3 e6 3. c4 Nf6 4. Nc3 Bb4 5. Bg5 h6 6. Bxf6 Qxf6 7. e3 c5 8. a3 Bxc3+ 9. bxc3 Nc6 10. Rb1 O-O 11. Be2 dxc4 12. Bxc4 e5 13. dxc5 Rd8 14. Qa4 Qe7 15. O-O Qxc5 16. Rb5 Qe7 17. Bd5 Qc7 18. Bxc6 Qxc6 19. Qb4 f6 20. Rc5 Qe8 21. Rc7 b6 22. Qc4+ Be6 23. Qb4 Rd7 24. Rxd7 Qxd7 25. h3 Rc8 26. Qb2 Qd3 27. Rc1 Rd8 28. Qb4 Qd6 29. Qb2 Qc6 30. Qc2 Bd5 31. Rd1 Rc8 32. Ne1 Be4 33. Qb3+ Kh8 34. Qf7 Qxc3 35. Nf3 Bxf3 36. gxf3 Qc4 37. Qxa7 Qe6 38. Qb7 Qxh3 39. Qxb6 Qxf3 40. Qd6 Qg4+ 41. Kf1 Qh3+ 42. Ke2 Qh5+ 43. Ke1 Rc4 44. Qd8+ Kh7 45. Qd3+ e4 46. Qxc4 Qh1+ 47. Qf1 Qf3 48. Qe2 Qh1+ 49. Kd2 Qh4 50. Rc1 Qg5 51. a4 Qa5+ 52. Rc3 Qd5+ 53. Kc1 Qa5 54. Rc4 f5 55. Qd2 Qe5 56. Qd4 Qe7 57. Rc5 Qe8 58. Rxf5 h5 59. Rc5 h4 60. Rc4 g6 61. Qxe4 Qd8 62. Qxh4+ Kg7 63. Qxd8 g5 64. Qd4+ Kf7 65. Qd6 Ke8 66. Rc7 g4 67. Qe7# 1-0


[Site "https://www.chess.com"]

[Event "Titled Tuesday Blitz April 18 Late 2023"]
[White "Manukyan, Sargis A."]
[Black "Suleymanli, Aydin"]
[WhiteFideId "13303970"]
[BlackFideId "13413937"]
[WhiteElo "2187"]
[BlackElo "2559"]
[Result "0-1"]
[Round "08"]
[TimeControl "180+2"]
[Date "2023.04.18"]
[WhiteClock "0:01:16"]
[BlackClock "0:00:19"]

1. d4 Nf6 2. c4 e6 3. Nc3 Bb4 4. a3 Bxc3+ 5. bxc3 c5 6. e3 b6 7. Bd3 Bb7 8. f3 d6 9. Ne2 e5 10. O-O Qc7 11. Ng3 Nc6 12. d5 Ne7 13. f4 Ng6 14. f5 Nf8 15. e4 N8d7 16. a4 a5 17. Nh5 Nxh5 18. Qxh5 Nf6 19. Qg5 Rg8 20. Rb1 O-O-O 21. Qh4 h6 22. Bd2 Kb8 23. Rb2 Ka7 24. Rfb1 Bc8 25. Qe1 Bd7 26. Qd1 g6 27. fxg6 Rxg6 28. Rxb6 Qxb6 29. Rxb6 Kxb6 30. Bc2 Rdg8 31. g3 h5 32. Be1 h4 33. Qf3 hxg3 34. hxg3 Rh8 35. Bd2 Nh5 36. Qxf7 Rg7 37. Qf2 Nxg3 38. Qg2 Ne2+ 39. Kf2 Rxg2+ 40. Kxg2 Rf8 41. Be3 Nf4+ 42. Kf3 Nxd5+ 43. Ke2 Bxa4 44. Kd3 Bxc2+ 45. Kxc2 Nxe3+ 46. Kb3 Rf4 47. Ka4 Rxe4 48. Kb3 Rxc4 49. Ka3 Nd5 50. Kb3 Kb5 51. Ka2 Rxc3 52. Kb2 Kb4 53. Ka2 a4 54. Kb2 e4 55. Ka2 e3 56. Kb2 Nb6 57. Ka2 e2 58. Kb2 a3+ 59. Ka2 Rc2+ 60. Kb1 Rb2+ 61. Ka1 e1=Q# 0-1


[Site "https://www.chess.com"]